 Dungeon Crawl Stone Soup version 0.30-a0-778-g2ef04afb54 (webtiles) character file.

Game seed: 9417821754803875836

3404 Lobster4 the Ducker (level 10, -3/71 (76) HPs)
             Began as a Merfolk Ice Elementalist on Feb 16, 2023.
             Was an Initiate of Sif Muna.
             Slain by a cyclops (30 damage)
             ... on level 12 of the Dungeon.
             The game lasted 00:31:12 (9529 turns).

Lobster4 the Ducker (Merfolk Ice Elementalist)      Turns: 9529, Time: 00:31:13

HP:   -3/71 (76)    AC: 11    Str:  9    XL:     10   Next: 4%
MP:   7/17          EV: 17    Int: 18    God:    Sif Muna [......]
Gold: 473           SH:  0    Dex: 19    Spells: 8/19 levels left

rFire   . . .      SeeInvis .    D - +6 short sword of Doomed Valour {drain, Dex+4}
rCold   . . .      Faith    .    (no shield)
rNeg    . . .      Spirit   .    g - +2 robe {Will+}
rPois   .          Reflect  .    (no helmet)
rElec   .          Harm     .    (no cloak)
rCorr   .          Rampage  .    (no gloves)
Will    +....                    (no boots)
Stlth   +++                      (no amulet)
HPRegen 0.31/turn                (no ring)
MPRegen 0.15/turn                (no ring)

@: ice-armoured, freezing walls, hasted, drained, very quick
A: (nimble swimmer 2), mertail
a: Renounce Religion


You were on level 12 of the Dungeon.
You worshipped Sif Muna.
Sif Muna was noncommittal.
You visited 2 branches of the dungeon, and saw 11 of its levels.

You collected 473 gold pieces.

Inventory:

Hand Weapons
 a - the +1 trident of Bread {freeze, rElec rC+}
   (You found it on level 3 of the Dungeon)

   rC:        It protects you from cold.
   rElec:     It insulates you from electricity.
 b - a +2 dagger of venom
 e - the +7 Throatcutter {drain, coup de grace}
   (You took it off Terence on level 3 of the Dungeon)
 j - a +2 shortbow of flaming
 D - the +6 short sword of Doomed Valour (weapon) {drain, Dex+4}
   (You found it on level 6 of the Dungeon)

   Dex:       It affects your dexterity (+4).
Missiles
 t - 3 poisoned darts
 E - 4 boomerangs (quivered)
Armour
 g - a +2 robe of willpower (worn)
 m - a +0 ring mail
 u - a +0 leather armour of cold resistance
Magical Staves
 c - a staff of earth
Jewellery
 l - a ring of flight
Wands
 w - a wand of mindburst (9)
 B - a wand of digging (6)
Scrolls
 d - 3 scrolls of teleportation
 p - 2 scrolls of amnesia
 q - a scroll of enchant armour {unknown}
 s - a scroll of blinking {unknown}
 v - a scroll of vulnerability {unknown}
 y - 2 scrolls of poison {unknown}
 z - a scroll of magic mapping {unknown}
Potions
 f - 2 potions of brilliance {unknown}
 h - a potion of magic
 i - 2 potions of mutation
 k - 5 potions of heal wounds {unknown}
 n - a potion of flight {unknown}
 r - 3 potions of attraction {unknown}
 x - 2 potions of lignification {unknown}
 C - 2 potions of cancellation


   Skills:
 + Level 5.7 Fighting
 - Level 4.5(5.0) Short Blades
 + Level 3.1(4.3) Long Blades
 - Level 6.0 Polearms
 - Level 2.0 Throwing
 + Level 4.8 Armour
 + Level 7.4 Dodging
 - Level 5.2 Stealth
 + Level 5.1 Spellcasting
 + Level 1.7 Summonings
 + Level 7.2 Ice Magic
 + Level 1.6 Invocations
 - Level 3.0 Evocations


You had 8 spell levels left.
You knew the following spells:

 Your Spells              Type           Power      Damage    Failure   Level
a - Freeze                Ice            100%       1d10      1%          1
b - Frozen Ramparts       Ice            60%        1d10      1%          3
c - Summon Ice Beast      Ice/Summ       20%        N/A       21%         4
h - Ozocubu's Armour      Ice            30%        N/A       1%          3

Your spell library contained the following spells:

 Spells                   Type           Power      Damage    Failure   Level
 Sublimation of Blood     Necr           4%         N/A       21%         2
 Wereblood                Tmut           4%         N/A       21%         2
 Summon Hydra             Summ           5%         N/A       100%        7


Dungeon Overview and Level Annotations

Branches:
Dungeon (12/15)            Temple (1/1) D:7
   Lair: D:8-11         Orc: D:9-12

Altars:
Ashenzari
Dithmenos
Elyvilon
Fedhas
Gozag
Hepliaklqana
Kikubaaqudgha
Makhleb
Nemelex Xobeh
Qazlal
Ru
Sif Muna
Trog
Uskayaw
Wu Jian
Xom

Shops:
D:5 *

Annotations:
D:5 Grinder
D:6 exclusion: steam dragon
D:11 Snorg


Innate Abilities, Weirdness & Mutations

((You are very nimble when in or above water. (Stealth+, EV+, Speed+++)))
Your lower body shifts to a powerful aquatic tail in water.


Message History

Casting: Freeze (safe; 1% risk of failure)
Confirm with . or Enter, or press ? or * to list all spells.
Aiming: Freeze (safe; 1% risk of failure)
Press: ? - help, Shift-Dir - straight line, f/p - troll
Aim: a troll (heavily wounded)
You freeze the troll!
The troll is severely wounded.
The wall freezes the howler monkey.
The howler monkey hoots and howls with incredible vigour!
The wall freezes the cyclops!
A slime creature comes into view.
The wall freezes the troll!
The troll closely misses you. The troll claws you but does no damage.
The troll claws you.
The wall freezes the gargoyle.
An orc comes into view. It is wielding a +0 club.
You hear a shout! x6
Casting: Freeze (safe; 1% risk of failure)
Confirm with . or Enter, or press ? or * to list all spells.
Aiming: Freeze (safe; 1% risk of failure)
Press: ? - help, Shift-Dir - straight line, f/p - troll
Aim: a troll (almost dead)
You freeze the troll!
You kill the troll!
Sif Muna accepts your kill.
The wall freezes the howler monkey!
The howler monkey closely misses you.
The wall freezes the cyclops!
The wall freezes the gargoyle but does no damage.
The gargoyle closely misses you.
Training target 6.0 for Polearms reached!
Your Polearms skill increases to level 6!
You have reached level 10!
You feel agile.
You feel yourself speed up.
The wall freezes the howler monkey.
The howler monkey hits you but does no damage.
The wall freezes the gargoyle but does no damage.
The gargoyle hurls a stone arrow at you.
The stone arrow hits you.
The wall freezes the cyclops but does no damage.
The cyclops hits you!!
You die...

######. ....... ..
....... ... ##.......
.9. ...#####.9......
.. . .......#@# #.# ..
.. ...J...Ch# #.###.#
.#.
.:.......###...#.#....
...##.J..............#
..###...##............
........#.............
...o.........<....$...
..........#.>....#....
..........##.....# ...


You could see 2 slime creatures, a cyclops, a gargoyle, a howler monkey and an
orc.

Vanquished Creatures
  A troll (D:12)
  A water moccasin (D:5)
  2 sky beasts
  An ice beast (D:7)
  A black bear (D:4)
  4 centaurs
  3 phantoms
  5 scorpions
  3 necrophages
  5 wights (D:8)
  4 killer bees
  6 howler monkeys (D:7)
  A jelly (D:5)
  5 orc priests
  A gnoll bouda (D:5)
  5 hounds
  7 iguanas
  Terence (D:3)
  2 orc wizards
  4 gnolls (D:5)
  8 adders
  A shadow imp (D:5)
  3 white imps
  2 ufetubi
  5 worms
  A dart slug (D:3)
  26 orcs
  7 ball pythons
  13 endoplasms
  3 giant cockroaches
  9 goblins
  12 hobgoblins
  6 jackals
  3 quokkas
  6 bats
  3 frilled lizards (D:1)
  10 kobolds
  12 rats
192 creatures vanquished.

Vanquished Creatures (others)
  26 plants
26 creatures vanquished.

Grand Total: 218 creatures vanquished

Notes
Turn   | Place    | Note
-------+----------+-------------------------------------------
     0 | D:1      | Lobster4 the Merfolk Ice Elementalist began the quest for
                  | the Orb.
     0 | D:1      | Reached XP level 1. HP: 13/13 MP: 3/3
   203 | D:1      | Reached XP level 2. HP: 19/19 MP: 1/5
   695 | D:1      | Reached XP level 3. HP: 25/25 MP: 6/6
   699 | D:1      | Learned a level 3 spell: Frozen Ramparts
  1014 | D:2      | Reached skill level 1 in Evocations
  1070 | D:2      | Reached skill level 1 in Fighting
  1165 | D:2      | Reached skill level 1 in Short Blades
  1347 | D:2      | Reached XP level 4. HP: 22/32 MP: 3/7
  2100 | D:3      | Found a bloodstained altar of Trog.
  2283 | D:3      | Identified the +1 trident of Bread {freeze, rElec rC+}
  2454 | D:3      | Found a burning altar of Makhleb.
  2729 | D:3      | Noticed Terence
  2741 | D:3      | Reached skill level 5 in Dodging
  2741 | D:3      | Reached skill level 5 in Stealth
  2741 | D:3      | Reached XP level 5. HP: 42/42 MP: 7/11
  2795 | D:3      | Killed Terence
  2796 | D:3      | Reached XP level 6. HP: 48/48 MP: 8/12
  3337 | D:4      | Learned a level 3 spell: Ozocubu's Armour
  3497 | D:4      | Reached skill level 1 in Throwing
  3497 | D:4      | Reached XP level 7. HP: 55/55 MP: 9/13
  3783 | D:4      | Found a sacrificial altar of Ru.
  3874 | D:4      | Reached skill level 5 in Polearms
  4072 | D:4      | Found a blossoming altar of Fedhas.
  4181 | D:4      | Reached XP level 8. HP: 55/61 MP: 6/14
  4408 | D:5      | Entered Level 5 of the Dungeon
  4682 | D:5      | Found Myobimoo's Assorted Antiques.
  4828 | D:5      | Reached skill level 1 in Long Blades
  5067 | D:5      | Noticed Grinder
  5078 | D:5      | Paralysed by Grinder for 2 turns
  5084 | D:5      | Paralysed by Grinder for 5 turns
  5092 | D:5      | Paralysed by Grinder for 4 turns
  5273 | D:5      | Reached skill level 5 in Fighting
  5810 | D:5      | Learned a level 4 spell: Summon Ice Beast
  5889 | D:5      | Found an ancient bone altar of Kikubaaqudgha.
  6356 | D:6      | Found a hazy altar of Hepliaklqana.
  6379 | D:6      | Identified the +6 short sword of Doomed Valour {drain,
                  | Dex+4}
  6636 | D:6      | Reached XP level 9. HP: 68/68 MP: 6/16
  7217 | D:7      | Found a broken altar of Ashenzari.
  7351 | D:7      | Found a staircase to the Ecumenical Temple.
  7368 | D:7      | HP: 2/68 [centaur/+0 long sword (6)]
  7376 | Temple   | Entered the Ecumenical Temple
  7708 | Temple   | Became a worshipper of Sif Muna the Loreminder
  7870 | D:7      | Reached skill level 1 in Summonings
  8190 | D:7      | Found a shadowy altar of Dithmenos.
  8641 | D:7      | Reached skill level 5 in Spellcasting
  8985 | D:8      | Reached skill level 1 in Invocations
  9478 | D:8      | You fall into a shaft and drop 3 floors!
  9492 | D:11     | Noticed Snorg
  9495 | D:11     | Noticed a boulder beetle
  9498 | D:11     | Noticed a kobold demonologist
  9498 | D:11     | Noticed a cyclops
  9499 | D:12     | Noticed a cyclops
  9510 | D:12     | Noticed a gargoyle
  9521 | D:12     | Noticed a troll
  9528 | D:12     | Killed a troll
  9529 | D:12     | Reached XP level 10. HP: 28/71 MP: 7/17
  9529 | D:12     | Slain by a cyclops

Illustrated notes

Levels and vault maps discovered:
D:1:      dpeg_arrival_round_b, layout_rooms, kennysheep_boxes
D:2:      minmay_alternating_diamond, layout_basic, hangedman_feature_mirror
D:3:      layout_loops_ring, amcnicky_altar_gilded,
          lemuel_coloured_pillars_altar, serial_aquarium,
          aquarium_bridge_long_separate [aquarium_subvault_bridge,
          aquarium_subvault_bridge, aquarium_subvault_window,
          aquarium_subvault_wall, aquarium_subvault_bridge,
          aquarium_subvault_window], aquarium_window_1, aquarium_window_fake,
          aquarium_view_2b, aquarium_view_2e, aquarium_pool_2,
          amcnicky_mini_pool_small, minmay_pentangle, uniq_terence
D:4:      layout_cave_pools, hangedman_ru_absence, fedhas_altar_fruit_tree,
          kennysheep_generic_room_12
D:5:      layout_loops_corners, lemuel_round_altar, serial_shops,
          nicolae_shop_waterfront, chequers_big_river, uniq_grinder
D:6:      kennysheep_steamy, layout_rooms,
          mainiacjoe_overflow_concentric_impassable
D:7:      layout_basic, kennysheep_mini_moat, nicolae_dithmenos_the_darkroom,
          minmay_temple_entry_water_ring, nicolae_concentric_dashed_squares_wild
D:8:      layout_rooms
D:11:     layout_big_octagon, dpeg_oklobed_lair, serial_rivers,
          chequers_serial_rivers_small_a, chequers_serial_rivers_large_a,
          chequers_serial_rivers_room_a, chequers_serial_rivers_small_3,
          minmay_diced_spiral, uniq_sonja, uniq_snorg
D:12:     layout_cave_pools, david_orc_5, serial_shops, nicolae_lakefront_shop,
          hangedman_abyss_or_decor_passed, minmay_misc_feat_columns,
          kennysheep_minor_cross, grunt_decor_resistance, minmay_puff
Temple:   nicolae_temple_bog_church

Skill      XL: |  1  2  3  4  5  6  7  8  9 |
---------------+----------------------------+-----
Dodging        | 3 5 6 7 |  7.4
Evocations     | 1 2 3 |  3.0
Fighting       | 1 4 5 |  5.7
Short Blades   | 1 4 |  4.5
Polearms       | 4 5 6 |  6.0
Armour         | 4 |  4.8
Stealth        | 5 |  5.2
Spellcasting   | 4 5 |  5.1
Ice Magic      | 6 7 |  7.2
Throwing       | 1 2 |  2.0
Long Blades    | 2 3 |  3.1
Summonings     | 1 |  1.7
Invocations    | 1 |  1.6

Action                     |  1- 3 |  4- 6 |  7- 9 | 10-12 || total
---------------------------+-------+-------+-------+-------++-------
  Melee: Staff             |     2 |       |       |       ||     2
         Dagger            |    49 |    54 |     1 |       ||   104
         Punch             |     1 |       |     3 |       ||     4
         Trident           |       |    54 |   142 |       ||   196
         Long sword        |       |       |     6 |       ||     6
         Short sword       |       |       |    38 |       ||    38
   Fire: Shortbow          |       |       |     2 |       ||     2
  Throw: Stone             |     9 |     4 |       |       ||    13
         Dart              |       |    14 |    42 |       ||    56
         Boomerang         |       |       |     2 |       ||     2
   Cast: Freeze            |    37 |    16 |    79 |       ||   132
         Frozen Ramparts   |       |     3 |    42 |       ||    45
         Ozocubu's Armour  |       |     1 |    40 |       ||    41
  Evoke: Wand              |       |       |     7 |       ||     7
    Use: Scroll            |       |     3 |    10 |       ||    13
         Potion            |       |     1 |     1 |     1 ||     3
   Stab: Sleeping          |     3 |     8 |     1 |       ||    12
         Distracted        |       |     1 |       |       ||     1
 Armour: Robe              |    14 |    14 |    71 |     1 ||   100
  Dodge: Dodged            |    50 |    52 |   208 |       ||   310

Table legend: (Time is in decaauts)
 A = Elapsed time spent in this place.
 B = Non-inter-level travel time spent in this place.
 C = Inter-level travel time spent in this place.
 D = Time resting spent in this place.
 E = Time spent auto-exploring this place.
 F = Levels seen in this place.
 G = Mean time per level.
                   A        B        C        D        E       F      G
               +--------+--------+--------+--------+--------+-----+--------+
         Total |   9462 |   9099 |    363 |   1232 |   6153 |  11 |  860.2 |
       Dungeon |   9146 |   8794 |    352 |   1029 |   6068 |  10 |  914.6 |
        Temple |    316 |    306 |     10 |    203 |     85 |   1 |  316.0 |
               +--------+--------+--------+--------+--------+-----+--------+

Top non-repeatable levels by time:
     D:5: 1842 daAuts
     D:7: 1821 daAuts
     D:3: 1324 daAuts
     D:4: 1153 daAuts
     D:2: 1120 daAuts
     D:6: 816 daAuts
     D:1: 808 daAuts
  Temple: 316 daAuts
     D:8: 208 daAuts
    D:12: 30 daAuts
    D:11: 21 daAuts
